 Dungeon Crawl Stone Soup version 0.28.0-53-g5a82cb258f (webtiles) character file.

Game seed: 4747579727502563584

1957 bnorton916 the Thaumaturge (level 8, 0/41 HPs)
             Began as a Deep Elf Fire Elementalist on May 22, 2022.
             Was an Initiate of Gozag.
             Shot with a sling bullet by Joseph (19 damage)
             ... on level 7 of the Dungeon.
             The game lasted 00:19:11 (12930 turns).

bnorton916 the Thaumaturge (DEFE)                  Turns: 12930, Time: 00:19:12

Health: 0/41       AC:  4    Str:  5    XL:     8   Next: 99%
Magic:  20/23      EV: 16    Int: 23    God:    Gozag
Gold:   315        SH:  0    Dex: 15    Spells: 18/25 levels left

rFire   . . .      SeeInvis .   o - +0 dagger (elec)
rCold   + . .      Faith    .   (no shield)
rNeg    . . .      Spirit   .   a - +0 robe
rPois   .          Reflect  .   j - +0 helmet
rElec   .          Harm     .   (no cloak)
rCorr   .          Rampage  .   (no gloves)
Will    .....                   h - +0 pair of boots
Stlth   ++........              (no amulet)
HPRegen 0.13/turn               b - +4 ring of evasion
MPRegen 0.18/turn               A - ring of protection from cold

@: no status effects
A: no striking features
a: Renounce Religion, Potion Petition, Call Merchant, Bribe Branch


You were on level 7 of the Dungeon.
You worshipped Gozag.
Gozag was aware of your devotion.
You visited 2 branches of the dungeon, and saw 8 of its levels.

You collected 467 gold pieces.
You paid 152 gold pieces to Gozag.

Inventory:

Hand Weapons
 g - a +1 hunting sling of freezing
 k - a +0 whip
 o - a +0 dagger of electrocution (weapon)
 r - a +0 vorpal hand axe
Missiles
 c - 73 stones
 p - a boomerang of dispersal
 B - 2 boomerangs
Armour
 a - a +0 robe (worn)
 h - a +0 pair of boots (worn)
 j - a +0 helmet (worn)
Jewellery
 b - a +4 ring of evasion (left hand)
 q - a ring of flight
 A - a ring of protection from cold (right hand)
Wands
 v - a wand of flame (15)
 y - a wand of paralysis (13)
Scrolls
 d - a scroll of torment {unknown}
 e - a scroll of summoning
 f - a scroll of fear {unknown}
 l - 2 scrolls of blinking
 s - 2 scrolls of teleportation
 z - a scroll of silence {unknown}
 C - 3 scrolls of enchant armour
 E - a scroll of noise {unknown}
 F - a scroll of vulnerability {unknown}
Potions
 i - a potion of attraction {unknown}
 m - 2 potions of cancellation
 n - 6 potions of curing
 t - a potion of might {unknown}
 u - 2 potions of brilliance
 w - a potion of berserk rage {unknown}
 x - a potion of heal wounds
 D - a potion of resistance {unknown}
 G - a potion of haste {unknown}
 I - a potion of flight
Miscellaneous
 H - a lightning rod (4/4)


   Skills:
 - Level 2.4 Dodging
 - Level 2.4 Stealth
 + Level 9.3 Spellcasting
 + Level 7.4 Conjurations
 + Level 8.1 Fire Magic


You had 18 spell levels left.
You knew the following spells:

 Your Spells              Type           Power      Damage    Failure   Level
a - Foxfire               Conj/Fire      100%       2x1d9     1%          1
b - Scorch                Fire           96%        2d9       1%          2
c - Flame Wave            Conj/Fire      46%        2d10      2%          4

Your spell library contained the following spells:

 Spells                   Type           Power      Damage    Failure   Level
 Conjure Flame            Conj/Fire      46%        6-21      1%          3
 Inner Flame              Hex/Fire       29%        N/A       3%          3
 Beastly Appendage        Tmut           20%        N/A       6%          1
 Slow                     Hex            40%        N/A       6%          1
 Confusing Touch          Hex            10%        N/A       19%         3
 Vampiric Draining        Necr           10%        2d6       19%         3
 Yara's Violent Unravell  Hex/Tmut       5%         3d4       86%         5
 Enfeeble                 Hex            5%         N/A       100%        7


Dungeon Overview and Level Annotations

Branches:
Dungeon (7/15)             Temple (1/1) D:7

Altars:
Ashenzari
Dithmenos
Elyvilon
Fedhas
Gozag
Hepliaklqana
Kikubaaqudgha
Makhleb
Nemelex Xobeh
Okawaru
Qazlal
Ru
Sif Muna
Trog
Uskayaw
Vehumet
Wu Jian
Yredelemnul
Zin
The Shining One

Annotations:
D:7 Joseph


Message History

Magic restored.
You start resting.
You start resting.
HP restored.
You start waiting.
Done waiting.
You climb downwards.
Level annotation: Joseph
There is a stone staircase leading up here.
You now have 315 gold pieces (gained 5).
Things that are here:
a +0 robe; a +0 dagger
Casting: Foxfire (safe; 1% risk of failure)
Confirm with . or Enter, or press ? or * to list all spells.
You conjure some foxfire!
Joseph shoots a sling bullet.
The sling bullet hits you!
Joseph shoots a sling bullet.
The sling bullet closely misses you.
Casting: Foxfire (safe; 1% risk of failure)
Confirm with . or Enter, or press ? or * to list all spells.
You conjure some foxfire!
Your foxfire dissipates! x2
Casting: Foxfire (safe; 1% risk of failure)
Confirm with . or Enter, or press ? or * to list all spells.
You conjure some foxfire!
The foxfire hits Joseph.
Joseph is lightly wounded.
The foxfire hits Joseph.
Joseph is lightly wounded.
Joseph shoots a sling bullet.
The sling bullet closely misses you.
Joseph shoots a sling bullet.
The sling bullet hits you!
Casting: Foxfire (safe; 1% risk of failure)
Confirm with . or Enter, or press ? or * to list all spells.
You conjure some foxfire!
The foxfire hits Joseph!
Joseph is moderately wounded.
The foxfire hits Joseph.
Joseph is moderately wounded.
The foxfire hits Joseph but does no damage.
Joseph is moderately wounded.
Joseph shoots a sling bullet.
The sling bullet hits you!!
You die...
Your body crumbles into a pile of gold.

##....###........
####...>..###.....##
........)..##.....# ##
#....####[..####.###.#
####..###.@§$....##.#
#...###)..v.....#
#......[.§.§...##
##.......(.§#§.##
.####...........@§.#
...........####..§<##
####.....### ###...###
##..### ##....## #..#
#......# #..##
##...#### #...##
#..##.# ##....##
#...## .#
#......###....# .#


You could see Joseph (ally target).

Vanquished Creatures
  A water moccasin (D:5)
  3 black bears
  A necrophage (D:5)
  3 ogres
  3 centaurs
  A bullfrog (D:7)
  3 scorpions
  A bullfrog zombie (D:6)
  2 jellies (D:6)
  A centaur skeleton (D:7)
  2 hounds
  5 orc priests
  2 iguanas
  8 orc wizards
  A killer bee zombie (D:6)
  4 gnolls
  2 adders
  A shadow imp (D:6)
  An ufetubus (D:6)
  An adder skeleton (D:4)
  A worm (D:3)
  3 dart slugs
  24 orcs
  8 bats
  9 endoplasms
  4 giant cockroaches
  13 goblins
  5 hobgoblins
  6 quokkas
  4 ball pythons
  2 frilled lizards (D:2)
  7 kobolds
  3 rats
135 creatures vanquished.

Vanquished Creatures (collateral kills)
  6 foxfires (D:1)
6 creatures vanquished.

Vanquished Creatures (others)
  579 foxfires
  3 plants (D:1)
582 creatures vanquished.

Grand Total: 723 creatures vanquished

Notes
Turn   | Place    | Note
-------+----------+-------------------------------------------
     0 | D:1      | bnorton916 the Deep Elf Fire Elementalist began the quest
                  | for the Orb.
     0 | D:1      | Reached XP level 1. HP: 10/10 MP: 6/6
   147 | D:1      | Reached XP level 2. HP: 15/15 MP: 1/8
   795 | D:1      | Reached XP level 3. HP: 19/19 MP: 5/10
  1179 | D:1      | Found a faded altar of an unknown god.
  1229 | D:1      | Got Plato's Guide on Transmutation
  1540 | D:2      | Reached skill level 4 in Spellcasting
  2014 | D:2      | Reached XP level 4. HP: 24/24 MP: 9/12
  2023 | D:2      | Found an ornate altar of the Wu Jian Council.
  4472 | D:3      | Reached XP level 5. HP: 28/28 MP: 10/14
  4969 | D:4      | Noticed an ogre
  4977 | D:4      | Killed an ogre
  4978 | D:4      | Reached skill level 5 in Spellcasting
  5192 | D:4      | Noticed a black bear
  5200 | D:4      | Killed a black bear
  5201 | D:4      | Reached skill level 5 in Fire Magic
  5201 | D:4      | Reached XP level 6. HP: 32/32 MP: 11/16
  6493 | D:4      | Reached skill level 6 in Spellcasting
  7056 | D:4      | Reached XP level 7. HP: 36/36 MP: 14/18
  7401 | D:5      | Entered Level 5 of the Dungeon
  7502 | D:5      | Reached skill level 5 in Conjurations
  7846 | D:5      | Reached skill level 7 in Spellcasting
  7873 | D:5      | Found a glowing golden altar of the Shining One.
  7906 | D:5      | Found a broken altar of Ashenzari.
  7907 | D:5      | Found a hazy altar of Hepliaklqana.
  8027 | D:5      | Found a burning altar of Makhleb.
  8312 | D:6      | Reached XP level 8. HP: 17/41 MP: 15/21
  9091 | D:6      | Learned a level 2 spell: Scorch
  9096 | D:6      | Learned a level 4 spell: Flame Wave
  9118 | D:6      | Reached skill level 8 in Spellcasting
 10028 | D:7      | Noticed Joseph
 11450 | D:7      | Reached skill level 9 in Spellcasting
 11649 | D:7      | Noticed a boulder beetle
 12155 | D:7      | Found a staircase to the Ecumenical Temple.
 12444 | Temple   | Entered the Ecumenical Temple
 12559 | Temple   | Became a worshipper of Gozag Ym Sagoz the Greedy
 12930 | D:7      | Shot with a sling bullet by Joseph

Illustrated notes

Levels and vault maps discovered:
D:1:      saegor_arrival_under_anarchy, layout_basic,
          shapermc_ecumenical_altar_rom_forum, serial_forest,
          infiniplex_forest_clump_diagonal, infiniplex_forest_3_way,
          infiniplex_forest_corner_2, infiniplex_forest_pool
D:2:      layout_loops_cross, basic_altar
D:3:      layout_basic
D:4:      layout_rooms
D:5:      layout_rooms, chequers_temple_overflow_statue_of_worship, tso_altar,
          makhleb_blood_cavern_becter
D:6:      layout_loops_ring, minivault_1
D:7:      layout_layer_cave, xom_shifter_show, minmay_temple_entry_butterflies,
          minivault_26, uniq_joseph, uniq_pikel, uniq_harold
Temple:   kb_temple_of_zot

Skill      XL: |  1  2  3  4  5  6  7  8 |
---------------+-------------------------+-----
Conjurations   | 2 3 4 5 7 |  7.4
Spellcasting   | 4 5 6 7 9 |  9.3
Fire Magic     | 4 5 6 8 |  8.1
Dodging        | |  2.4
Stealth        | |  2.4

Action                   |  1- 3 |  4- 6 |  7- 9 || total
-------------------------+-------+-------+-------++-------
Melee: Dagger            |       |    19 |     1 ||    20
 Cast: Foxfire           |   106 |   124 |   113 ||   343
       Scorch            |       |       |    14 ||    14
       Flame Wave        |       |       |     3 ||     3
  Use: Scroll            |       |     3 |     6 ||     9
Armor: Robe              |     3 |    17 |    25 ||    45
Dodge: Dodged            |    14 |    41 |   102 ||   157
